[Event "Titled Tuesday Blitz July 27 2021"]
[White "Martins, Vinicius Tine"]
[Black "Shahade, Gregory"]
[WhiteFideId "2112884"]
[BlackFideId "2009064"]
[WhiteElo "2373"]
[BlackElo "2678"]
[Result "0-1"]
[Round "04"]
[TimeControl "180+1"]
[Date "2021.07.27"]
[WhiteClock "0:00:07"]
[BlackClock "0:00:31"]

1. d4 Nf6 2. c4 g6 3. Nc3 d5 4. cxd5 Nxd5 5. e4 Nxc3 6. bxc3 Bg7 7. Nf3 c5 8. Bb5+ Bd7 9. Be2 Qa5 10. Bd2 O-O 11. O-O Qa4 12. Rb1 Qxd1 13. Rfxd1 Ba4 14. Rdc1 b6 15. dxc5 Nd7 16. cxb6 axb6 17. Nd4 Nc5 18. f3 Bd7 19. Rc2 Rfc8 20. Be3 Na4 21. c4 f5 22. exf5 Bxd4 23. Bxd4 Bxf5 24. Rcc1 Bxb1 25. Rxb1 Nc5 26. Rxb6 Rxa2 27. Kf1 Kf7 28. Rb5 Ne6 29. Be3 Rxe2 30. Kxe2 Rxc4 31. Rb2 h5 32. g3 Ra4 33. Kf2 Ra3 34. Rc2 Ng7 35. Bc5 Rb3 36. Re2 Ne6 37. Be3 Ra3 38. h4 Rb3 39. Kg2 Ng7 40. Bg5 Nf5 41. g4 hxg4 42. fxg4 Rg3+ 43. Kf2 Rxg4 44. Kf3 Rxg5 45. hxg5 Nd4+ 46. Ke3 Nxe2 47. Kxe2 Ke6 0-1


[Site "https://www.chess.com"]

[Event "Titled Tuesday Blitz July 27 2021"]
[White "Matveeva, Olga"]
[Black "Vlassov, Nikolai"]
[WhiteFideId "24107018"]
[BlackFideId "4103360"]
[WhiteElo "2108"]
[BlackElo "2407"]
[Result "0-1"]
[Round "04"]
[TimeControl "180+1"]
[Date "2021.07.27"]
[WhiteClock "0:00:05"]
[BlackClock "0:01:23"]

1. d4 Nf6 2. c4 Nc6 3. d5 Ne5 4. Nc3 Nxc4 5. e4 Nb6 6. Nf3 e6 7. Be2 exd5 8. exd5 Bb4 9. O-O Bxc3 10. bxc3 Nbxd5 11. Bc4 Ne7 12. Re1 d5 13. Ba3 Be6 14. Bd3 O-O 15. Ng5 Qd7 16. Qc2 h6 17. Nxe6 fxe6 18. Re3 Rfe8 19. Rae1 Nf5 20. Bxf5 exf5 21. Re7 Rxe7 22. Rxe7 Re8 23. Qe2 Rxe7 24. Bxe7 Ne4 25. Bb4 c5 26. Ba3 Qa4 27. Bxc5 Nxc5 0-1


[Site "https://www.chess.com"]

[Event "Titled Tuesday Blitz July 27 2021"]
[White "Mezentsev, Ivan"]
[Black "Ahmadzada, Ahmad"]
[WhiteFideId "13706195"]
[BlackFideId "13413007"]
[WhiteElo "2295"]
[BlackElo "2226"]
[Result "1/2-1/2"]
[Round "04"]
[TimeControl "180+1"]
[Date "2021.07.27"]
[WhiteClock "0:00:18"]
[BlackClock "0:00:06"]

1. d4 Nf6 2. Nf3 e6 3. Bf4 b6 4. e3 Bb7 5. Be2 Be7 6. h3 O-O 7. O-O c5 8. c3 Nc6 9. a4 d5 10. Ne5 Nd7 11. Ba6 Bxa6 12. Nxc6 Qe8 13. Re1 Bb7 14. Nxe7+ Qxe7 15. e4 cxd4 16. exd5 Bxd5 17. Qxd4 Qf6 18. Qxf6 Nxf6 19. Na3 a6 20. Nc2 b5 21. Nd4 bxa4 22. Rxa4 Nd7 23. Bd6 Rfc8 24. Rea1 Bb7 25. Rb4 Bd5 26. Rba4 Bb7 27. f4 g6 28. Rb4 Bd5 29. Kf2 Nf6 30. Rb6 Ne4+ 31. Ke3 Nxd6 32. Rxd6 Bxg2 33. h4 a5 34. Rb6 Rab8 35. Rxb8 Rxb8 36. b3 Ra8 37. b4 axb4 38. Rxa8+ Bxa8 39. cxb4 Kf8 40. Nb5 Ke7 41. Kd4 f6 42. Kc5 h6 43. Nc7 Bf3 44. b5 g5 45. hxg5 fxg5 46. fxg5 hxg5 47. b6 g4 48. Nb5 g3 49. Nd4 Bb7 50. Ne2 g2 51. Kd4 Kf6 52. Ke3 Ke5 53. Kf2 Kd6 54. Nf4 e5 55. Nxg2 Bxg2 56. Kxg2 Kc6 57. Kf3 Kxb6 58. Ke4 Kc6 59. Kxe5 1/2-1/2


[Site "https://www.chess.com"]

[Event "Titled Tuesday Blitz July 27 2021"]
[White "Mirzoev, Azer"]
[Black "Andreikin, Dmitry"]
[WhiteFideId "13400304"]
[BlackFideId "4158814"]
[WhiteElo "2525"]
[BlackElo "2782"]
[Result "0-1"]
[Round "04"]
[TimeControl "180+1"]
[Date "2021.07.27"]
[WhiteClock "0:00:03"]
[BlackClock "0:00:16"]

1. d4 Nf6 2. Nf3 e6 3. c4 d5 4. Nc3 Nbd7 5. Bg5 h6 6. Bh4 Be7 7. e3 O-O 8. a3 b6 9. cxd5 Nxd5 10. Bxe7 Qxe7 11. Rc1 Nxc3 12. Rxc3 c5 13. Bb5 Bb7 14. Bxd7 Qxd7 15. dxc5 Qb5 16. Qe2 Qa4 17. Qc2 Qg4 18. c6 Bxc6 19. Rxc6 Qxg2 20. Rg1 Qxf3 21. Qc3 g5 22. h4 Rfd8 23. Qc2 Rd5 24. hxg5 hxg5 25. Rc8+ Rxc8 26. Qxc8+ Kg7 27. Qc3+ f6 28. Qc7+ Kh6 29. Qc2 g4 30. Qe2 Qxe2+ 31. Kxe2 f5 32. Rh1+ Kg7 33. b4 a5 34. Rc1 axb4 35. axb4 Kf6 36. Rc4 b5 37. Rc8 Re5 38. Rb8 Ke7 39. f3 gxf3+ 40. Kxf3 Kd7 41. Rb6 Kc7 42. Ra6 Re4 43. Kf2 Kd7 44. Ra7+ Kd6 45. Ra6+ Ke5 46. Rb6 Rxb4 0-1


[Site "https://www.chess.com"]

[Event "Titled Tuesday Blitz July 27 2021"]
[White "Molina, Roberto Junio Brito"]
[Black "Eternauta2400"]
[WhiteFideId "2109450"]
[WhiteElo "2402"]
[BlackElo "2523"]
[Result "1-0"]
[Round "04"]
[TimeControl "180+1"]
[Date "2021.07.27"]
[WhiteClock "0:00:16"]
[BlackClock "0:00:04"]

1. d4 Nf6 2. c4 g6 3. Nc3 Bg7 4. e4 d6 5. Nf3 O-O 6. Be2 Bg4 7. Be3 Nfd7 8. Rc1 e5 9. d5 f5 10. Ng5 f4 11. Bxg4 Qxg5 12. Be6+ Kh8 13. Bd2 Qxg2 14. Ke2 f3+ 15. Kd3 Na6 16. Kc2 Qxf2 17. Bxd7 Qd4 18. Kb1 Nc5 19. Bh3 Nd3 20. Bf1 Nf2 21. Qe1 Nxh1 22. Be3 f2 23. Qe2 Bh6 24. Bxh6 Rf4 25. Bxf4 exf4 26. Bg2 Ng3 27. hxg3 fxg3 28. Rd1 Qe5 29. Qe3 Rf8 30. Kc2 g5 31. Ne2 h5 32. Qxg3 h4 33. Qxe5+ dxe5 34. Rf1 Kg7 35. Kd3 g4 36. Ke3 g3 37. Bh3 Kh6 38. Bf5 Kg5 39. Kf3 Rh8 40. Nxg3 hxg3 41. Kxg3 Rh6 42. Rxf2 Rh1 43. Rg2 Ra1 44. Kf3+ Kf6 45. b3 Kf7 46. Rh2 Kf6 47. Rh6+ Kg5 48. Rg6+ Kh5 49. Rg7 Rxa2 50. Rxc7 b5 51. cxb5 Rb2 52. Rc3 Rd2 53. Ke3 Rd4 54. Rd3 Kg5 55. Rxd4 1-0


[Site "https://www.chess.com"]

[Event "Titled Tuesday Blitz July 27 2021"]
[White "Moroni, Luca Jr"]
[Black "Pinheiro, Iung Alicio de O."]
[WhiteFideId "865834"]
[BlackFideId "2104350"]
[WhiteElo "2491"]
[BlackElo "2462"]
[Result "1-0"]
[Round "04"]
[TimeControl "180+1"]
[Date "2021.07.27"]
[WhiteClock "0:00:30"]
[BlackClock "0:00:23"]

1. d4 Nf6 2. c4 g6 3. Nc3 d5 4. cxd5 Nxd5 5. e4 Nxc3 6. bxc3 Bg7 7. Bb5+ c6 8. Ba4 O-O 9. Ne2 c5 10. O-O b6 11. Bg5 Bb7 12. f3 h6 13. Be3 cxd4 14. cxd4 e6 15. Qd2 Kh7 16. Rac1 Na6 17. Bb5 Qe7 18. h4 Rfd8 19. h5 g5 20. Bd3 Qa3 21. f4 Nc5 22. Bb1 Nxe4 23. fxg5 Kh8 24. Bxe4 Bxe4 25. gxh6 Bf8 26. Rxf7 Bd6 27. Bg5 1-0


[Site "https://www.chess.com"]

[Event "Titled Tuesday Blitz July 27 2021"]
[White "Mortazavi, Ali"]
[Black "Goltsev, Dmitry"]
[WhiteFideId "401323"]
[BlackFideId "24176710"]
[WhiteElo "2339"]
[BlackElo "2366"]
[Result "1/2-1/2"]
[Round "04"]
[TimeControl "180+1"]
[Date "2021.07.27"]
[WhiteClock "0:00:17"]
[BlackClock "0:00:22"]

1. e4 e6 2. d3 d5 3. Nd2 Nf6 4. Ngf3 c5 5. g3 Nc6 6. Bg2 Bd6 7. O-O dxe4 8. dxe4 Bc7 9. c3 O-O 10. Qe2 e5 11. Rd1 Qe7 12. a4 b6 13. Nh4 Na5 14. Nf5 Bxf5 15. exf5 Rad8 16. Ne4 Rxd1+ 17. Qxd1 Rd8 18. Qc2 Nxe4 19. Bxe4 Qd7 20. Bg5 f6 21. Be3 Nc4 22. Re1 Kf8 23. Bc1 a6 24. b3 Nd6 25. Rd1 Qc8 26. Kg2 b5 27. axb5 axb5 28. Be3 Nxe4 29. Rxd8+ Bxd8 30. Qxe4 Be7 31. g4 c4 32. b4 Qd7 33. Qa8+ Kf7 34. h3 Bd8 35. Bc5 Ke8 36. Qe4 Qd3 37. Qc6+ Qd7 38. Qe4 Qd3 39. Qc6+ Qd7 40. Qe4 1/2-1/2


[Site "https://www.chess.com"]

[Event "Titled Tuesday Blitz July 27 2021"]
[White "Moskalenko, Alexander"]
[Black "Zubov, Alexander"]
[WhiteFideId "4155351"]
[BlackFideId "14109409"]
[WhiteElo "2495"]
[BlackElo "2740"]
[Result "1-0"]
[Round "04"]
[TimeControl "180+1"]
[Date "2021.07.27"]
[WhiteClock "0:00:09"]
[BlackClock "0:00:08"]

1. d4 Nf6 2. Bf4 d5 3. e3 c5 4. c3 Nc6 5. Nd2 Bg4 6. Qb3 Qc8 7. Ngf3 e6 8. Ne5 Nxe5 9. Bxe5 Nd7 10. Bg3 Be7 11. h3 Bh5 12. Nf3 Bxf3 13. gxf3 O-O 14. Be2 a6 15. a4 Qc6 16. a5 Bd6 17. Qa4 Qc7 18. Bxd6 Qxd6 19. f4 Rab8 20. b4 cxd4 21. cxd4 Nf6 22. Bd3 Rfc8 23. Ke2 Ne4 24. Bxe4 dxe4 25. Rhc1 Qd5 26. Rc5 Rxc5 27. bxc5 Qh5+ 28. Kd2 Qf3 29. Ke1 Qxh3 30. Rc1 Qh1+ 31. Kd2 Qf3 32. Rf1 h5 33. Qd7 h4 34. Qc7 Rf8 35. Qxb7 h3 36. c6 Qg2 37. Re1 h2 38. c7 Qxf2+ 39. Re2 Qxe2+ 40. Kxe2 h1=Q 41. c8=Q Qf3+ 42. Kd2 Qf2+ 43. Kd1 Rxc8 44. Qxc8+ Kh7 45. Qxa6 Qxe3 46. Qb5 Qxd4+ 47. Ke2 g6 48. a6 e3 49. Qd3 Qb6 50. Qc4 Kh6 51. Qa4 Qa7 52. Qb5 Qd4 53. Qd3 Qb6 54. Kf3 Kh5 55. Qc4 f5 56. Qc8 g5 57. Qe8+ Kh6 58. Qh8+ Kg6 59. Qg8+ Kf6 60. fxg5+ Ke5 61. Qg7+ Kd5 62. Qb7+ Kc5 63. Qxb6+ Kxb6 64. g6 e5 65. Kxe3 f4+ 66. Kf3 1-0


[Site "https://www.chess.com"]

[Event "Titled Tuesday Blitz July 27 2021"]
[White "Muradli, Mahammad"]
[Black "Karttunen, Mika"]
[WhiteFideId "13409301"]
[BlackFideId "502081"]
[WhiteElo "2482"]
[BlackElo "2343"]
[Result "1-0"]
[Round "04"]
[TimeControl "180+1"]
[Date "2021.07.27"]
[WhiteClock "0:00:48"]
[BlackClock "0:00:19"]

1. Nf3 Nf6 2. d4 g6 3. c4 Bg7 4. Nc3 d5 5. Bg5 Ne4 6. Bf4 Nxc3 7. bxc3 dxc4 8. e3 Be6 9. Qb1 b6 10. Ng5 Bd5 11. e4 Bb7 12. Bxc4 O-O 13. O-O Nc6 14. a4 e5 15. dxe5 Nxe5 16. Rd1 Qf6 17. Bxe5 Qxe5 18. Nxf7 Rxf7 19. Bxf7+ Kxf7 20. Qb3+ Kf8 21. Rd7 Qe8 22. Rxc7 Bc8 23. Qd5 Be6 24. Qd6+ Kg8 25. Re7 Bf8 26. Qxe6+ 1-0


[Site "https://www.chess.com"]

[Event "Titled Tuesday Blitz July 27 2021"]
[White "Murzin, Volodar"]
[Black "Maltsevskaya, Aleksandra"]
[WhiteFideId "44155573"]
[BlackFideId "24174041"]
[WhiteElo "2541"]
[BlackElo "2225"]
[Result "1-0"]
[Round "04"]
[TimeControl "180+1"]
[Date "2021.07.27"]
[WhiteClock "0:00:02"]
[BlackClock "0:00:01"]

1. e4 c6 2. Nf3 d5 3. exd5 cxd5 4. Ne5 Nc6 5. Bb5 Bd7 6. Bxc6 Bxc6 7. O-O e6 8. d4 Nf6 9. Nd2 Bd6 10. Ndf3 Ne4 11. c3 O-O 12. Re1 f6 13. Nxc6 bxc6 14. Nd2 Nxd2 15. Bxd2 e5 16. Qa4 Qb6 17. Be3 e4 18. c4 Qb7 19. Rac1 Rac8 20. Re2 f5 21. cxd5 cxd5 22. Rxc8 Rxc8 23. Rc2 h6 24. Qb3 Rb8 25. Qxb7 Rxb7 26. g3 Kf7 27. h4 Ke6 28. Kf1 Kd7 29. Ke2 Rb8 30. b3 Rg8 31. h5 a5 32. Bf4 a4 33. Bxd6 Kxd6 34. b4 a3 35. Kd2 g5 36. hxg6 Rxg6 37. b5 Kd7 38. Rc5 Rd6 39. Ke3 Ke6 40. Kf4 Ke7 41. Ke5 Re6+ 42. Kxd5 e3 43. fxe3 Rxe3 44. b6 Re2 45. b7 Rb2 46. Kc6 1-0


[Site "https://www.chess.com"]

[Event "Titled Tuesday Blitz July 27 2021"]
[White "Nabaty, Tamir"]
[Black "Aung Thant Zin"]
[WhiteFideId "2809052"]
[BlackFideId "13000063"]
[WhiteElo "2627"]
[BlackElo "2278"]
[Result "1-0"]
[Round "04"]
[TimeControl "180+1"]
[Date "2021.07.27"]
[WhiteClock "0:01:18"]
[BlackClock "0:00:01"]

1. c4 e5 2. Nc3 Nf6 3. g3 d5 4. cxd5 Nxd5 5. Bg2 Nb6 6. Nf3 Nc6 7. O-O Be7 8. d3 O-O 9. a3 Be6 10. Be3 Nd5 11. Nxd5 Bxd5 12. b4 a6 13. Qc2 Rc8 14. Qb2 f6 15. Rac1 Kh8 16. Nd2 Bxg2 17. Kxg2 Qd5+ 18. f3 Bd6 19. Qb3 Qf7 20. Qxf7 Rxf7 21. Bc5 Rd8 22. Kf2 g6 23. Nb3 Kg7 24. Rc4 Re7 25. Rfc1 Rde8 26. a4 Bxc5+ 27. Rxc5 Nxb4 28. Rxc7 Nc6 29. Rxe7+ Rxe7 30. Nc5 Nd4 31. Rb1 b5 32. axb5 axb5 33. e3 Ne6 34. Nxe6+ Rxe6 35. Rxb5 Ra6 36. Rb2 Ra3 37. Ke2 h5 38. f4 g5 39. fxe5 fxe5 40. e4 g4 41. Ke3 Kf6 42. Rf2+ Kg6 43. Rf8 Ra5 44. Rd8 Kf6 45. Rd6+ Ke7 46. Rd5 1-0


[Site "https://www.chess.com"]

[Event "Titled Tuesday Blitz July 27 2021"]
[White "Nakamura, Hikaru"]
[Black "Ozen, Bahadir"]
[WhiteFideId "2016192"]
[BlackFideId "6337058"]
[WhiteElo "2900"]
[BlackElo "2503"]
[Result "1/2-1/2"]
[Round "04"]
[TimeControl "180+1"]
[Date "2021.07.27"]
[WhiteClock "0:00:17"]
[BlackClock "0:00:16"]

1. Nf3 d5 2. e3 Nf6 3. d4 e6 4. c4 Be7 5. Nc3 O-O 6. cxd5 exd5 7. Bd3 c6 8. O-O Bg4 9. Qc2 Bh5 10. Ne5 Bg6 11. Nxg6 hxg6 12. Rb1 a5 13. a3 Re8 14. b4 axb4 15. axb4 Nbd7 16. Ne2 Bd6 17. g3 Rc8 18. Bd2 b5 19. Nc1 Nb6 20. Nb3 Nc4 21. Ra1 Qd7 22. Kg2 Ra8 23. Rfc1 Qe7 24. Nc5 g5 25. h3 g6 26. Be1 Kg7 27. Kg1 Rh8 28. Bf1 Rhe8 29. Bg2 Rh8 30. Rd1 Rhe8 31. Qe2 Rh8 32. Rdc1 Rhe8 33. Rcb1 Rh8 34. Qd1 Rhe8 35. Rxa8 Rxa8 36. Ra1 Ra7 37. Qc1 Qc7 38. g4 Qb8 39. Bc3 Qa8 40. Bf1 Rxa1 41. Qxa1 Qxa1 42. Bxa1 Kf8 43. Bd3 Ke7 44. Kf1 Nd7 45. Nxd7 Kxd7 46. Bc3 Ke6 47. Ke2 Nb6 48. f3 Na4 49. Bd2 Nb2 50. Bc2 Nc4 51. Bc3 Na3 52. Bd3 Nc4 53. Be1 Nb2 54. Bc2 Nc4 55. Bb3 Ke7 56. Kd3 Nb2+ 57. Ke2 Nc4 58. Bc2 Na3 59. Bd3 Nc4 60. e4 Ke6 61. e5 Be7 62. Bc2 Bd8 63. Kd3 Nb2+ 64. Kc3 Nc4 65. Bd3 Be7 66. Kb3 Bd8 67. Bf2 Nd2+ 68. Kc3 Nxf3 69. Be2 Nh4 70. Bf1 Be7 71. Bg3 Nf3 72. Bg2 Nh4 73. Bf1 Bd8 74. Kd3 Bc7 75. Bf2 Bb6 76. Ke3 Bd8 77. Be1 Be7 78. Bd2 Bd8 79. Kf2 Be7 80. Bd3 Bd8 81. Be2 Be7 82. Bf1 Bd8 83. Ke3 Be7 84. Be1 Bd8 85. Bc3 Be7 86. Bd2 Bd8 87. Be1 Be7 88. Bd2 1/2-1/2


[Site "https://www.chess.com"]

[Event "Titled Tuesday Blitz July 27 2021"]
[White "Nastore, Pavel-Alexandru"]
[Black "Sellitti, Federico"]
[WhiteFideId "1255002"]
[BlackFideId "821829"]
[WhiteElo "1763"]
[BlackElo "2573"]
[Result "1-0"]
[Round "04"]
[TimeControl "180+1"]
[Date "2021.07.27"]
[WhiteClock "0:00:45"]
[BlackClock "0:00:17"]

1. e4 c5 2. Nf3 Nf6 3. e5 Nd5 4. d4 cxd4 5. Nxd4 e6 6. c4 Nc7 7. Nc3 Nc6 8. f4 Nxd4 9. Qxd4 Na6 10. Nb5 Bb4+ 11. Bd2 O-O 12. Bxb4 Nxb4 13. Qd2 a5 14. a3 Na6 15. Qd4 f6 16. Bd3 fxe5 17. Qxe5 Qf6 18. O-O-O d5 19. cxd5 Qxe5 20. fxe5 exd5 21. Nd6 Nc5 22. Bc2 Be6 23. Rhf1 Rfd8 24. Kb1 Rab8 25. Bf5 Bxf5+ 26. Rxf5 b5 27. Rxd5 Ne4 28. Rd4 Nc5 29. Rd5 Ne4 30. Rxb5 Rxb5 31. Nxb5 Rd2 32. Nd6 Nxd6 33. exd6 Rxd6 34. Rxa5 Rd2 35. Rg5 h6 36. Rg3 g5 37. b4 Kf7 38. b5 Ke6 39. a4 Kd6 40. b6 Kc6 41. a5 Rd5 42. Ra3 Kb7 43. Kc2 Rf5 44. a6+ Ka8 45. a7 Rf7 46. Kc3 g4 47. Kd4 h5 48. Ke4 h4 49. g3 h3 50. Ke5 Rb7 51. Rb3 Re7+ 52. Kf4 Rg7 53. b7+ Rxb7 54. Rxb7 Kxb7 55. Kxg4 Kxa7 56. Kxh3 Kb8 57. Kg4 Kc8 58. Kf5 Kd8 59. Kf6 Ke8 60. Kg7 Ke7 61. h4 Ke6 62. h5 Kf5 63. h6 Kg4 64. h7 Kf3 65. h8=Q Kg2 66. Qh4 Kf2 67. Qf4+ Ke2 68. g4 Kd3 69. g5 Kc2 70. g6 Kb3 71. Kf6 Ka2 72. Qb4 Ka1 73. Ke5 Ka2 74. Kd4 Ka1 75. Kd3 Ka2 76. Kc2 1-0


[Site "https://www.chess.com"]

[Event "Titled Tuesday Blitz July 27 2021"]
[White "Nesterov, Arseniy"]
[Black "Gokerkan, Cem Kaan"]
[WhiteFideId "24198455"]
[BlackFideId "6336760"]
[WhiteElo "2477"]
[BlackElo "2361"]
[Result "1-0"]
[Round "04"]
[TimeControl "180+1"]
[Date "2021.07.27"]
[WhiteClock "0:00:21"]
[BlackClock "0:00:02"]

1. d4 Nf6 2. c4 e6 3. Nf3 d5 4. Nc3 Be7 5. Bg5 h6 6. Bh4 O-O 7. e3 b6 8. Be2 Bb7 9. Bxf6 Bxf6 10. cxd5 exd5 11. b4 c5 12. bxc5 bxc5 13. Rb1 Qa5 14. O-O Qxc3 15. Rxb7 cxd4 16. Rb3 Qc5 17. Rb5 Qa3 18. Nxd4 Rd8 19. Bf3 Bxd4 20. exd4 Nc6 21. Bxd5 Rac8 22. Qh5 Qe7 23. Rd1 Nxd4 24. Rb7 Rc7 25. Rxc7 Qxc7 26. Rxd4 Rd7 27. Rd1 Qb6 28. Bb3 Re7 29. h3 g6 30. Qd5 Kg7 31. Qd4+ 1-0


[Site "https://www.chess.com"]

[Event "Titled Tuesday Blitz July 27 2021"]
[White "Nguyen, Quoc Hy"]
[Black "Babiy, Olga"]
[WhiteFideId "12410853"]
[BlackFideId "14117258"]
[WhiteElo "1975"]
[BlackElo "2230"]
[Result "0-1"]
[Round "04"]
[TimeControl "180+1"]
[Date "2021.07.27"]
[WhiteClock "0:00:22"]
[BlackClock "0:00:29"]

1. d4 Nf6 2. c4 e6 3. Nc3 Bb4 4. Qc2 O-O 5. Bg5 d5 6. cxd5 exd5 7. e3 h6 8. Bh4 c5 9. Bd3 c4 10. Bf5 Bxf5 11. Qxf5 Nbd7 12. Ne2 Qe7 13. O-O Qe6 14. Qf3 Ne4 15. Nf4 Qd6 16. Nfxd5 Nd2 17. Qe2 Bxc3 18. Nxc3 Nxf1 19. Rxf1 Rac8 20. Rd1 a6 21. e4 b5 22. e5 Qe6 23. Ne4 Rfe8 24. f4 Nb6 25. Nd6 Qxd6 26. Qf3 Qd5 27. Qg4 b4 28. Bf6 g6 29. f5 Qd7 30. e6 Rxe6 31. fxe6 Qxe6 32. Qf4 Nd5 33. Qxh6 Qxf6 34. h4 c3 35. h5 c2 36. Rc1 Qxd4+ 37. Kh2 Qf4+ 0-1


[Site "https://www.chess.com"]

[Event "Titled Tuesday Blitz July 27 2021"]
[White "Obregon, Andres Carlos"]
[Black "Karwowski, Kacper"]
[WhiteFideId "111724"]
[BlackFideId "1126032"]
[WhiteElo "2572"]
[BlackElo "2162"]
[Result "1-0"]
[Round "04"]
[TimeControl "180+1"]
[Date "2021.07.27"]
[WhiteClock "0:00:59"]
[BlackClock "0:00:03"]

1. d4 Nf6 2. Bf4 d6 3. Nc3 g6 4. e4 Bg7 5. Qd2 h5 6. Nf3 c6 7. O-O-O a5 8. Kb1 b5 9. Bd3 Nbd7 10. e5 Nd5 11. Nxd5 cxd5 12. e6 Nf8 13. exf7+ Kxf7 14. Bxb5 Ne6 15. Bc6 Rb8 16. Bxd5 Qb6 17. c3 Ke8 18. Be3 Nc7 19. Be4 Be6 20. Ng5 Bg8 21. Bxg6+ Kd8 22. Nf7+ Bxf7 23. Bxf7 d5 24. Bf4 Qf6 25. Bxd5 Qf5+ 26. Ka1 Qxd5 27. Rhe1 Bf6 28. f3 a4 29. Qc2 Ra8 30. c4 Qd7 31. a3 Na6 32. Be5 Bxe5 33. dxe5 Nc5 34. Rxd7+ Kxd7 35. Qf5+ Kc7 36. e6 Nb3+ 37. Ka2 Rhd8 38. Qe5+ Kc6 39. Qb5+ Kc7 40. c5 Rab8 41. Qxa4 Nxc5 42. Rc1 Kd6 43. Qd4+ Kxe6 44. Qxc5 Rd2 45. Re1+ 1-0


[Site "https://www.chess.com"]

[Event "Titled Tuesday Blitz July 27 2021"]
[White "Omk124"]
[Black "Starosta, Martyna"]
[BlackFideId "21818754"]
[WhiteElo "2570"]
[BlackElo "1679"]
[Result "1-0"]
[Round "04"]
[TimeControl "180+1"]
[Date "2021.07.27"]
[WhiteClock "0:02:18"]
[BlackClock "0:01:40"]

1. e4 c5 2. Nf3 d6 3. d4 cxd4 4. Nxd4 Nf6 5. Nc3 a6 6. g3 e5 7. Nde2 Be7 8. Bg2 Bg4 9. h3 Be6 10. O-O O-O 11. Be3 Qd7 12. a4 Bxh3 13. Bg5 Bxg2 14. Kxg2 Nc6 15. Bxf6 Bxf6 16. Nd5 Bd8 17. Ne3 g6 18. Nc3 f5 19. exf5 gxf5 20. f4 Nd4 21. Ncd5 Qc6 22. c3 Ne6 23. Qf3 exf4 24. gxf4 Kh8 25. Rh1 Rg8+ 26. Kf2 Bb6 27. Rxh7+ Kxh7 28. Qh5+ Kg7 29. Rg1+ Kf8 30. Qxf5+ Ke8 31. Qxe6+ Kd8 32. Rxg8+ Qe8 33. Rxe8# 1-0


[Site "https://www.chess.com"]

[Event "Titled Tuesday Blitz July 27 2021"]
[White "Oparin, Grigoriy"]
[Black "Siva Mahadevan"]
[WhiteFideId "24125890"]
[BlackFideId "25043153"]
[WhiteElo "2628"]
[BlackElo "2203"]
[Result "0-1"]
[Round "04"]
[TimeControl "180+1"]
[Date "2021.07.27"]
[WhiteClock "0:00:54"]
[BlackClock "0:01:12"]

1. b3 e5 2. Bb2 Nc6 3. c4 g6 4. g3 Bg7 5. Bg2 Nge7 6. Nc3 h5 7. h3 d6 8. e3 Be6 9. Nge2 d5 10. cxd5 Nxd5 11. a3 Nde7 12. d3 Qd7 13. Qc2 O-O-O 14. Rd1 h4 15. b4 hxg3 16. Nxg3 Bxh3 17. Rxh3 Rxh3 18. b5 Na5 19. Bxh3 Qxh3 20. Qa4 b6 21. Nce2 Nd5 22. Rc1 Kb8 23. Qc2 Qd7 24. d4 exd4 25. Nxd4 Bxd4 26. Bxd4 f5 27. a4 f4 28. Rd1 fxg3 29. fxg3 Qd6 30. Kf2 Rf8+ 31. Kg2 Qe6 32. e4 Nf6 33. Rf1 Nc4 34. Qc3 Qxe4+ 35. Kg1 Rh8 36. Rf3 Nd2 0-1


[Site "https://www.chess.com"]

[Event "Titled Tuesday Blitz July 27 2021"]
[White "Ovchinnikov, Vsevolod"]
[Black "Yilmaz, Mustafa"]
[WhiteFideId "24176842"]
[BlackFideId "6302718"]
[WhiteElo "2376"]
[BlackElo "2518"]
[Result "0-1"]
[Round "04"]
[TimeControl "180+1"]
[Date "2021.07.27"]
[WhiteClock "0:00:02"]
[BlackClock "0:01:05"]

1. d4 Nf6 2. c4 e6 3. g3 Bb4+ 4. Bd2 c5 5. Bxb4 cxb4 6. Bg2 O-O 7. e4 d6 8. Ne2 e5 9. O-O a5 10. Qd3 Nc6 11. Nd2 Qb6 12. d5 Nb8 13. a3 Na6 14. axb4 Qxb4 15. Qc3 b6 16. Qxb4 Nxb4 17. Rfc1 Nd7 18. Nb3 Ba6 19. Rc3 Rfb8 20. Nd2 Nc5 21. Bf1 Bc8 22. f3 f5 23. exf5 Bxf5 24. Nb3 Ncd3 25. Nec1 Nxb2 26. Nd2 Nd1 27. Rb3 Nc2 28. Ra2 a4 29. Rba3 Nxa3 30. Rxa3 Rc8 31. Na2 Bc2 32. Nb4 Bf5 33. Nc6 Kf8 34. Be2 Nb2 35. Kf2 Bd7 36. Nb4 Ra5 37. Ke3 b5 38. Nc6 Bxc6 39. dxc6 b4 40. Ra2 a3 41. Nb3 Ra7 42. c5 Rxc6 0-1


[Site "https://www.chess.com"]

[Event "Titled Tuesday Blitz July 27 2021"]
[White "Pacheco Lugo, Alejandro Jose"]
[Black "Leiva, Gianmarco"]
[WhiteFideId "3903745"]
[BlackFideId "3804399"]
[WhiteElo "2125"]
[BlackElo "2365"]
[Result "1-0"]
[Round "04"]
[TimeControl "180+1"]
[Date "2021.07.27"]
[WhiteClock "0:00:39"]
[BlackClock "0:00:03"]

1. e4 c5 2. Nf3 d6 3. d4 cxd4 4. Nxd4 Nf6 5. Nc3 a6 6. Be3 e5 7. Nb3 Be7 8. f3 h5 9. Qd2 Be6 10. Nd5 Nxd5 11. exd5 Bf5 12. Na5 Qc7 13. Rc1 Bh4+ 14. g3 Bd8 15. b4 Qe7 16. Nb3 Nd7 17. c4 e4 18. f4 h4 19. Bg2 h3 20. Bf1 Nf6 21. Be2 Ng4 22. Bxg4 Bxg4 23. c5 O-O 24. O-O Bc7 25. c6 b5 26. f5 Bf3 27. Nd4 Rfe8 28. Nxf3 exf3 29. Rxf3 Qe4 30. Rcf1 Re5 31. f6 Rxd5 32. Qf2 g6 33. Rf4 Qg2+ 34. Qxg2 hxg2 35. Kxg2 Re8 36. Bd4 g5 37. Rg4 Kh7 38. h4 Kg6 39. Rh1 Kf5 40. Rxg5+ Ke4 41. Re1+ Kd3 42. Rxe8 Rxd4 43. Re7 Bb6 44. c7 Bxc7 45. Rxc7 Rxb4 46. Rxf7 Ke4 47. Re7+ Kd3 48. f7 1-0


[Site "https://www.chess.com"]

[Event "Titled Tuesday Blitz July 27 2021"]
[White "Paravyan, David"]
[Black "Can, Emre"]
[WhiteFideId "4194985"]
[BlackFideId "6302181"]
[WhiteElo "2562"]
[BlackElo "2503"]
[Result "1-0"]
[Round "04"]
[TimeControl "180+1"]
[Date "2021.07.27"]
[WhiteClock "0:00:26"]
[BlackClock "0:00:06"]

1. d4 d5 2. c4 e6 3. Nf3 Nf6 4. g3 Be7 5. Bg2 O-O 6. O-O a5 7. e3 c6 8. Qe2 b6 9. Rd1 Ba6 10. Nbd2 Nbd7 11. b3 a4 12. Bb2 a3 13. Bc3 b5 14. cxb5 cxb5 15. b4 Nb6 16. Rab1 Na4 17. Ba1 Rc8 18. Ne5 Ne8 19. Rdc1 Nd6 20. Nc6 Qd7 21. Nxe7+ Qxe7 22. Nb3 Nc4 23. Nc5 Nxc5 24. dxc5 Bb7 25. Qd3 Rcd8 26. f4 f6 27. Rf1 e5 28. fxe5 fxe5 29. Rxf8+ Qxf8 30. Rf1 Qe7 31. Bc3 Qe6 32. Bd2 Bc6 33. Bc1 d4 34. Bxc6 Qxc6 35. exd4 exd4 36. Qf5 Qd5 37. Bg5 Qxf5 38. Rxf5 Rf8 39. Rd5 h6 40. Bc1 Re8 41. Kf2 Re4 42. c6 Re6 43. c7 Nb6 44. Rxb5 Rc6 45. Rxb6 Rxc7 46. Bf4 1-0


[Site "https://www.chess.com"]

[Event "Titled Tuesday Blitz July 27 2021"]
[White "Parkhov, Yair"]
[Black "Samadov, Read"]
[WhiteFideId "2813408"]
[BlackFideId "13417444"]
[WhiteElo "2131"]
[BlackElo "2084"]
[Result "1-0"]
[Round "04"]
[TimeControl "180+1"]
[Date "2021.07.27"]
[WhiteClock "0:00:06"]
[BlackClock "0:00:03"]

1. d4 Nf6 2. c4 e6 3. Nc3 Bb4 4. Qc2 d5 5. a3 Bxc3+ 6. Qxc3 O-O 7. Bg5 dxc4 8. Qxc4 b6 9. Nf3 Ba6 10. Qa4 h6 11. Bxf6 Qxf6 12. g3 Bb7 13. Bg2 Rd8 14. O-O Nd7 15. Rfd1 c5 16. Ne5 Bxg2 17. Nxd7 Qe7 18. dxc5 Bd5 19. c6 Rac8 20. Rac1 f5 21. Ne5 Qc7 22. f4 Rd6 23. b4 Bxc6 24. Rxd6 Bxa4 25. Rxc7 Rxc7 26. Rxe6 Rc3 27. Rd6 Rxa3 28. Rd8+ Kh7 29. Kf2 Rb3 30. h4 h5 31. Nf7 Kg6 32. Ne5+ Kf6 33. Rd6+ Ke7 34. Rg6 Kf8 35. Rg5 Rxb4 36. Rxf5+ Kg8 37. Ng6 Kh7 38. Ne7 Be8 39. Rf8 Bd7 40. Rd8 Bg4 41. Nc6 Re4 42. e3 a5 43. Ne5 a4 44. Nf7 Kg6 45. Ng5 Rb4 46. Rd6+ Kf5 47. e4+ Rxe4 48. Rd5+ Kf6 49. Nxe4+ Ke7 50. Rd6 Bf5 51. Rd4 a3 52. Nd6 a2 53. Nxf5+ Kf6 54. Ra4 a1=Q 55. Rxa1 1-0


[Site "https://www.chess.com"]